 Dungeon Crawl Stone Soup version 0.28-a0-1568-g77cbbf62ba (webtiles) character file.

Game seed: 1085049122156385944

250 Lekart the Chopper (level 5, -3/47 HPs)
             Began as a Draconian Chaos Knight on Jan 20, 2022.
             Was a Plaything of Xom.
             Slain by an orc (8 damage)
             ... on level 4 of the Dungeon.
             The game lasted 00:05:29 (4309 turns).

Lekart the Chopper (Draconian Chaos Knight)         Turns: 4309, Time: 00:05:29

Health: -3/47      AC:  5    Str: 12 (14) XL:     5   Next: 88%
Magic:  14/14      EV: 16    Int: 13      God:    Xom [....*.]
Gold:   223        SH:  0    Dex: 10 (12) Spells: 4/4 levels left

rFire   . . .      SeeInvis .   a - +0 hand axe (chaos)
rCold   . . .      Faith    .   (no shield)
rNeg    . . .      Spirit   .   (armour unavailable)
rPois   .          Reflect  .   (helmet restricted)
rElec   .          Harm     .   h - scarf {+Inv}
rCorr   .          Rampage  .   (no gloves)
Will    .....                   (no boots)
Stlth   +.........              (no amulet)
HPRegen 0.15/turn               b - +4 ring of evasion
MPRegen 0.14/turn               c - ring of magical power

@: lethally poisoned (-3 -> -4), slowed, very slow
A: AC +5, unfitting armour, cold-blooded, deterioration 1
a: Renounce Religion, Evoke Invisibility


You were on level 4 of the Dungeon.
You worshipped Xom.
You were a beloved toy of Xom.
You visited 1 branch of the dungeon, and saw 4 of its levels.

You collected 223 gold pieces.

Inventory:

Hand Weapons
 a - a +0 hand axe of chaos (weapon)
Armour
 h - a scarf of invisibility (worn)
Jewellery
 b - a +4 ring of evasion (left hand)
 c - a ring of magical power (right hand)
Wands
 j - a wand of iceblast (6)
Scrolls
 d - 2 scrolls of fog {unknown}
 e - 3 scrolls of identify
 f - 2 scrolls of noise {unknown}
 g - 2 scrolls of brand weapon
 i - 2 scrolls of enchant armour {unknown}


   Skills:
 + Level 4.4 Fighting
 + Level 4.8 Axes
 * Level 3.9 Dodging


You had 4 spell levels left.
You didn't know any spells.
Your spell library was empty.

Dungeon Overview and Level Annotations

Branches:
Dungeon (4/15)
 Temple: D:4-7

Altars:
Kikubaaqudgha
Makhleb
Nemelex Xobeh
Uskayaw
Xom


Innate Abilities, Weirdness & Mutations

Your plain brown scales are hard. (AC +5)
You cannot fit into any form of body armour.
You are cold-blooded and may be slowed by cold attacks.
Your body sometimes deteriorates upon taking damage.


Message History

The adder is moderately wounded.
You closely miss the orc. You barely miss the endoplasm.
The adder closely misses you. The endoplasm freezes you.
You are frozen.
You feel yourself slow down. The orc hits you with a +0 flail.
The adder closely misses you.
You hit the adder.
You feel better.
Your tail-slap misses the adder.
The adder is almost dead.
You hit the orc but do no damage. You hit the endoplasm.
You feel better. The adder bites you.
You are poisoned.
The adder poisons you! The endoplasm closely misses you.
The orc barely misses you. The endoplasm freezes you.
You are frozen.
Your body deteriorates!
You feel clumsy.
You feel as though you will be slow longer.
The adder closely misses you. The orc barely misses you.
You slash the adder!
You feel better.
You kill the adder!
You hit the orc.
The orc seems to speed up.
You hit the endoplasm.
You feel better.
You feel sick. The orc barely misses you. The endoplasm barely misses you.
The orc hits you with a +0 flail.
You barely miss the endoplasm.
The endoplasm is almost dead.
You hit the orc but do no damage.
The orc goes berserk!
You feel sick. The orc completely misses you. The endoplasm misses you.
The orc hits you with a +0 flail!
* * * LOW HITPOINT WARNING * * *
You emit a cloud of colourful smoke!
The endoplasm freezes you.
You are frozen.
* * * LOW HITPOINT WARNING * * *
You feel as though you will be slow longer.
You are too injured to fight recklessly!
You are too injured to fight recklessly!
You feel sick. The orc hits you with a +0 flail.
* * * LOW HITPOINT WARNING * * *
The endoplasm closely misses you. The orc hits you with a +0 flail!
You die...

. # #. ..#. ....
#....#######.....
#....§§J........
#...§@§.......
##.####o###.#.)
#.......#...#
....#####.)# .
......).)...... h
######..######.
#.## .. ...


You could see an orc (berserk, fast) and an endoplasm.

Vanquished Creatures
  2 orc priests
  Ijyb (D:3)
  An orc wizard (D:3)
  A killer bee zombie (D:3)
  3 adders
  2 worms
  A dart slug (D:2)
  10 orcs
  11 endoplasms
  2 giant cockroaches
  3 goblins
  4 hobgoblins
  4 jackals (D:2)
  5 kobolds
  4 quokkas
  8 ball pythons
  5 bats
  4 frilled lizards
  6 rats
77 creatures vanquished.

Notes
Turn   | Place    | Note
-------+----------+-------------------------------------------
     0 | D:1      | Lekart the Draconian Chaos Knight began the quest for the
                  | Orb.
     0 | D:1      | Reached XP level 1. HP: 19/19 MP: 1/1
   314 | D:1      | Reached XP level 2. HP: 26/26 MP: 2/2
   620 | D:1      | Found a faded altar of an unknown god.
  1095 | D:2      | XOM: divination: detect items
  1125 | D:2      | XOM: potion effect (curing)
  1384 | D:2      | XOM: divination: detect items
  1506 | D:2      | Reached XP level 3. HP: 33/33 MP: 3/3
  1545 | D:2      | Found a sparkling altar of Nemelex Xobeh.
  1574 | D:2      | XOM: silly message
  1664 | D:2      | XOM: summons 2 hostile demons
  1755 | D:3      | XOM: summons 3 friendly demons
  1931 | D:3      | XOM: stat loss: -1 Int (11/12)
  1980 | D:3      | Reached XP level 4. HP: 37/40 MP: 4/4
  2067 | D:3      | XOM: confuse monster(s)
  2121 | D:3      | Found an ancient bone altar of Kikubaaqudgha.
  2124 | D:3      | Found a burning altar of Makhleb.
  2129 | D:3      | Found a hide-covered altar of Uskayaw.
  2482 | D:3      | XOM: cast spell 'Alistair's Intoxication'
  2600 | D:4      | XOM: divination: detect creatures
  2735 | D:4      | XOM: silly message
  2825 | D:3      | XOM: scenery: summon butterflies
  2916 | D:3      | Reached XP level 5. HP: 20/46 MP: 5/5
  3284 | D:2      | XOM: polymorph rat -> endoplasm
  3385 | D:2      | XOM: noise
  3404 | D:2      | XOM: give mutations
  3404 | D:2      | Gained mutation: You sometimes lose the ability to read
                  | scrolls when taking damage. [Xom's mischief]
  3404 | D:2      | Gained mutation: Your body sometimes deteriorates upon
                  | taking damage. [Xom's mischief]
  3404 | D:2      | Lost mutation: You sometimes lose the ability to read
                  | scrolls when taking damage. [Xom's mischief]
  3846 | D:3      | Noticed Ijyb
  3866 | D:3      | Killed Ijyb
  3921 | D:3      | XOM: silly message
  3997 | D:3      | XOM: scenery: summon butterflies
  4025 | D:4      | XOM: blink monster(s)
  4075 | D:3      | XOM: scenery: create altars
  4207 | D:3      | XOM: god gift: 36 gold pieces
  4308 | D:4      | XOM: smoke on damage
  4309 | D:4      | Slain by an orc

Illustrated notes

Levels and vault maps discovered:
D:1:      lightli_molten_gateway, layout_rooms,
          shapermc_ecumenical_altar_flowoftime, serial_forest,
          infiniplex_forest_clump_small, infiniplex_forest_lined_4_way,
          infiniplex_forest_zigzag_1, infiniplex_forest_split,
          infiniplex_forest_zigzag_1, infiniplex_forest_lined_4_way,
          infiniplex_forest_end_2, infiniplex_forest_diagonal,
          nicolae_concentric_dashed_squares_mild, kennysheep_small_spiral,
          minmay_misc_feat_columns
D:2:      layout_basic, basic_altar, chequers_serial_rivers_small_a,
          serial_park_tiny_pond
D:3:      layout_rooms, grunt_temple_overflow_diamond, uniq_ijyb
D:4:      layout_rooms, palyth_stone_intersect, hangedman_decor_lopped,
          minmay_bisected

Skill      XL: |  1  2  3  4 |
---------------+-------------+-----
Fighting       | 4 |  4.4
Dodging        | 3 |  3.9
Axes           | 4 |  4.8

Action                   |  1- 3 |  4- 6 || total
-------------------------+-------+-------++-------
Melee: Hand axe          |   118 |   129 ||   247
       Tailslap          |    10 |     8 ||    18
  Use: Potion            |     1 |     2 ||     3
       Scroll            |       |     1 ||     1
 Stab: Sleeping          |     1 |     1 ||     2
Armor: Skin              |    15 |    42 ||    57
Dodge: Dodged            |    87 |   195 ||   282

Table legend: (Time is in decaauts)
 A = Elapsed time spent in this place.
 B = Non-inter-level travel time spent in this place.
 C = Inter-level travel time spent in this place.
 D = Time resting spent in this place.
 E = Time spent auto-exploring this place.
 F = Levels seen in this place.
 G = Mean time per level.
                   A        B        C        D        E       F      G
               +--------+--------+--------+--------+--------+-----+--------+
         Total |   4343 |   4261 |     82 |   1498 |   2087 |   4 | 1085.8 |
       Dungeon |   4343 |   4261 |     82 |   1498 |   2087 |   4 | 1085.8 |
               +--------+--------+--------+--------+--------+-----+--------+

Top non-repeatable levels by time:
     D:3: 1405 daAuts
     D:2: 1326 daAuts
     D:1: 1006 daAuts
     D:4: 605 daAuts
